 Dungeon Crawl Stone Soup version 0.32-a0-433-g08bcfe7efd (webtiles) character file.

Game seed: 1665767883685430405

142060 dialectric the Severer (level 17, -3/118 (145) HPs)
             Began as a Coglin Berserker on Feb 22, 2024.
             Was the Champion of Trog.
             Shot with an arrow by a deep elf archer (9 damage)
             ... on level 1 of the Elven Halls on Feb 23, 2024.
             The game lasted 00:55:34 (20121 turns).

dialectric the Severer (Coglin Berserker)          Turns: 20121, Time: 00:55:35

HP:   -3/118 (145)  AC: 30    Str: 30    XL:     17   Next: 34%
MP:   17/17         EV: 16    Int:  6    God:    Trog [******]
Gold: 2123          SH:  0    Dex: 18    Spells: 16/16 levels left

rFire   + . .        R - +4 hand axe (freeze) {Pancho}
rCold   . . .        s - +7 hand axe "Concordance" {spect, rF+}
rNeg    . . .        z - +6 chain mail of Wasted Space {SInv}
rPois   +            p - +2 hat
rElec   .            (no cloak)
rCorr   .            L - +2 pair of gloves
SInv    +            E - +2 pair of boots {Fly}
Will    +....        c - amulet of regeneration Stlth
                     B - +6 ring of strength
HPRegen 1.19/turn    a - ring of poison resistance
MPRegen 0.15/turn

%: no passive effects
@: immotile, flying, heavily drained, unable to drink, revved
A: off-hand wielding, slow wielding, warmup strikes, legs shutdown, agile 1,
sense surroundings 1, shaggy fur 1, inability to drink after injury 1
a: Renounce Religion, Berserk, Trog's Hand, Brothers in Arms


You were on level 1 of the Elven Halls.
You worshipped Trog.
Trog was exalted by your worship.
You visited 7 branches of the dungeon, and saw 25 of its levels.
You also visited: Volcano.

You collected 2457 gold pieces.
You spent 334 gold pieces at shops.

Inventory:

Hand Weapons
 s - the +7 hand axe "Concordance" (offhand) {spect, rF+}
   (You found it on level 3 of the Dungeon)

   rF+:       It protects you from fire.
 G - a +6 broad axe of flaming
 N - a +3 antimagic war axe
 R - a +4 hand axe of freezing (weapon) {Pancho}
 U - a +2 demon whip of electrocution
 Y - a +2 spectral demon whip
Missiles
 t - 34 poisoned darts (quivered)
 H - 3 throwing nets
Armour
 d - a +2 chain mail of fire resistance
 p - a +2 hat (worn)
 y - the +1 plate armour of the Shining One's Hope {Str+4}
   (You found it on level 10 of the Dungeon)

   Str+4:     It affects your strength (+4).
 z - the +6 chain mail of Wasted Space (worn) {SInv}
   (You found it on level 5 of the Dungeon)

   SInv:      It lets you see invisible.
 E - a +2 pair of boots of flying (worn)
 L - a +2 pair of gloves (worn)
Jewellery
 a - a ring of poison resistance (right grasper)
 c - an amulet of regeneration (around neck)
 i - a +6 ring of intelligence
 m - a ring of fire
 q - a ring of flight
 B - a +6 ring of strength (left grasper)
 S - a ring of resist corrosion
 Z - an amulet of guardian spirit
Wands
 b - a wand of digging (9)
 J - a wand of flame (5)
 M - a wand of paralysis (2)
 P - a wand of mindburst (16)
 T - a wand of roots (8)
Scrolls
 f - 7 scrolls of teleportation
 h - 4 scrolls of blinking
 j - a scroll of noise
 r - 4 scrolls of vulnerability
 u - 2 scrolls of immolation
 C - 2 scrolls of amnesia
 F - a scroll of revelation
 K - a scroll of torment
Potions
 e - 2 potions of cancellation
 g - 5 potions of resistance
 k - 7 potions of might
 l - 4 potions of magic
 n - a potion of invisibility
 o - 6 potions of lignification
 v - 3 potions of berserk rage
 w - 3 potions of mutation
 A - 3 potions of attraction
 D - 8 potions of curing
 I - 2 potions of degeneration {unknown}
 O - a potion of heal wounds
 Q - 7 potions of haste
 V - 2 potions of brilliance {unknown}
 W - a potion of ambrosia {unknown}
 X - a potion of enlightenment


   Skills:
 + Level 16.4 Fighting
 - Level 18.0 Axes
 + Level 17.1 Armour
 - Level 11.2 Dodging


You had 16 spell levels left.
You didn't know any spells.
Your spell library was empty.

Dungeon Overview and Level Annotations

Branches:
Dungeon (13/15)            Temple (0/1) D:7            Lair (5/5) D:8
 Shoals (1/4) Lair:2       Spider (1/4) Lair:2        Slime (1/5) Lair:5
    Orc (2/2) D:12            Elf (2/3) Orc:2        Vaults (0/5) D:13
Volcano (visited)

Altars:
Ashenzari
Cheibriados
Elyvilon
Kikubaaqudgha
Nemelex Xobeh
Okawaru
Ru
Sif Muna
Trog
Uskayaw
Vehumet
Xom
Zin
Beogh

Shops:
D:6 ([!=!   D:12 =   Orc:1 (   Orc:2 *([=

Annotations:
D:5 1 runed translucent door, ezpacito's ghost, novice DsCK
D:10 5 runed translucent doors, gebbletook2's ghost, novice OpSh
Lair:1 3 runed translucent doors, Xaneafu's ghost, journeyman DESu
Lair:3 exclusion: oklob plant


Innate Abilities, Weirdness & Mutations

You can wield a second weapon in your off-hand.
It takes a long time for you to wield or remove held weapons.
Your first few attacks do less damage.
Attacking and casting redirects power from your legs.
You are agile. (Dex +4, Str/Int -1)
You passively map a small area around you.
You are covered in fur. (AC +1)
You occasionally lose the ability to drink potions when taking damage.


Message History

Unknown command.
You slash the deep elf pyromancer with your +4 hand axe of freezing!
You freeze the deep elf pyromancer.
You kill the deep elf pyromancer!
Trog accepts your kill.
Trog appreciates your killing of a magic user.
The fire elemental disappears in a puff of smoke!
Unknown command.
Unknown command.
You are no longer unable to travel.
The deep elf archer shoots an arrow.
The arrow closely misses you.
The deep elf zephyrmancer casts a spell at you.
The bolt of lightning hits you! x2
You hear a shout! x2
Unknown command.
The deep elf archer shoots an arrow.
The arrow hits you but does no damage.
You feel drained.
Unknown command.
The deep elf archer shoots an arrow.
The arrow closely misses you.
The deep elf zephyrmancer closely misses you.
You see here a +0 short sword.
Unknown command.
You completely miss the deep elf zephyrmancer with the +7 hand axe "Concordance".
The deep elf zephyrmancer is moderately wounded.
You slash the deep elf zephyrmancer with your +4 hand axe of freezing!
You freeze the deep elf zephyrmancer.
Your +7 hand axe "Concordance" {spect, rF+} completely misses the deep elf zephyrmancer.
The deep elf archer shoots an arrow.
The arrow hits you!!
* * * LOW HITPOINT WARNING * * *
You feel drained.
* * * LOW HITPOINT WARNING * * *
You barely miss the deep elf zephyrmancer with your +4 hand axe of freezing.
The deep elf zephyrmancer is severely wounded.
You hit the deep elf zephyrmancer with the +7 hand axe "Concordance".
Your +7 hand axe "Concordance" {spect, rF+} hits the deep elf zephyrmancer.
The deep elf zephyrmancer casts a spell at you.
The bolt of lightning hits you!!
* * * LOW HITPOINT WARNING * * *
The deep elf archer shoots an arrow.
The arrow hits you!
You die...

, #. , * , ##..
,*# , * , #..#
##.. , + * ,
#..#... , , ###
#.# *#..#.., , ,
##.###.# #+#...#
.* , * ##....#.#
#.e(..#...# ,
##...###.#
##@...# , #..###
#.# ##'#...# , ,
..#'## #.#
##.##+#..# ,
#'##.###'####)##*
.# **
#)###'#.....)##
**# #.#
##.....).## *,* ,
, #.# #....♣.e.)#
* *
#'###.:.......#
....#..♣.ß.♣..# *
*


You could see a deep elf archer (repels missiles), a deep elf zephyrmancer and a
friendly +7 hand axe "Concordance" {spect, rF+}.

Vanquished Creatures
  Saint Roka (Orc:2)
  Asterion (Spider:1)
  3 krakens (Shoals:1)
  A deep elf sorcerer (Elf:1)
  Nessos (D:13)
  A spark wasp (Spider:1)
  6 hydras
  4 vault guards (D:13)
  A jorogumo (Spider:1)
  4 centaur warriors
  3 boulder beetles
  2 ogre magi
  3 dancing weapons (Elf:1)
  A merfolk aquamancer (Shoals:1)
  14 two-headed ogres
  A catoblepas (Lair:3)
  13 death yaks
  A hell hog (Lair:5)
  An orc high priest (Orc:2)
  A tengu warrior (D:13)
  A hell knight (Volcano)
  4 deep elf knights (Elf:1)
  Nergalle (D:11)
  2 pharaoh ants
  4 skysharks
  A sun moth (Spider:1)
  A sea snake (Shoals:1)
  5 orc knights
  22 deep elf pyromancers
  2 ugly things
  3 deep elf archers (Elf:1)
  8 orc sorcerers
  6 cyclopes
  11 deep elf zephyrmancers
  23 elephants
  2 merfolk sirens (Shoals:1)
  5 manticores
  3 meliai (D:13)
  2 torpor snails
  4 black mambas
  Maggie (Lair:1)
  An unseen horror (D:12)
  An orange demon (D:12)
  22 cane toads
  3 gargoyles
  6 kobold demonologists
  13 komodo dragons
  A yaktaur (D:10)
  A rime drake (Lair:3)
  An ice devil (D:12)
  A tengu conjurer (D:13)
  A hellwing (D:12)
  13 polar bears
  5 trolls
  A hornet (D:5)
  A tarantella (Spider:1)
  10 merfolk (Shoals:1)
  Grinder (D:5)
  5 blink frogs (Lair:1)
  5 raiju (Lair:5)
  19 dream sheep
  15 slime creatures
  2 shadows
  3 jumping spiders (Spider:1)
  2 culicivoras (Spider:1)
  An air elemental (Elf:2)
  35 yaks
  3 wyverns (Lair:3)
  7 humans (D:13)
  3 wraiths
  A ynoxinul (D:12)
  The ghost of Splishie the Trooper, an amateur DrMo of Nemelex Xobeh (D:6)
  6 water elementals
  3 basilisks
  A vampire (D:10)
  5 steam dragons
  5 wargs
  6 redbacks
  3 vampire mosquitoes
  A water moccasin (shapeshifter) (D:13)
  3 acid dragons (D:10)
  Duvessa (D:7)
  12 hell hounds (Lair:5)
  17 water moccasins
  24 orc warriors
  2 laughing skulls (D:13)
  2 sky beasts
  12 black bears
  7 ogres
  2 ice beasts
  37 wolves
  10 centaurs
  3 kobold brigands
  An earth elemental (Elf:1)
  16 bullfrogs
  5 gnoll sergeants
  5 scorpions
  11 wights
  Dowan (D:7)
  A killer bee (D:10)
  3 electric eels (Lair:4)
  6 howler monkeys
  4 bombardier beetles
  A quasit (D:12)
  5 hounds
  19 orc priests
  2 iron imps (D:12)
  A sleepcap (D:6)
  4 iguanas
  21 orc wizards
  34 gnolls
  10 adders
  A white imp (D:7)
  2 ufetubi (D:3)
  2 ribbon worms
  A dart slug (D:5)
  53 orcs
  2 endoplasms
  8 giant cockroaches
  6 goblins
  8 hobgoblins
  5 quokkas
  6 ball pythons
  8 frilled lizards
  12 kobolds
  7 rats
  A spectral weapon (Spider:1)
  22 tentacles (Shoals:1)
814 creatures vanquished.

Vanquished Creatures (others)
  A vault guard (D:13)
  A kobold (D:13)
  11 spectral weapons
  14 tentacles (Shoals:1)
27 creatures vanquished.

Grand Total: 841 creatures vanquished

Notes
Turn   | Place    | Note
-------+----------+-------------------------------------------
     0 | D:1      | dialectric the Coglin Berserker began the quest for the
                  | Orb.
     0 | D:1      | Reached XP level 1. HP: 18/18 MP: 1/1
    57 | D:1      | Reached XP level 2. HP: 20/24 MP: 2/2
   859 | D:2      | Reached XP level 3. HP: 29/29 MP: 3/3
  1054 | D:2      | Reached ** piety under Trog
  1545 | D:3      | Identified the +7 hand axe "Concordance" {spect, rF+}
  1578 | D:3      | Reached XP level 4. HP: 27/35 MP: 4/4
  1730 | D:3      | Found a glowing silver altar of Zin.
  1883 | D:3      | Reached XP level 5. HP: 42/42 MP: 5/5
  1923 | D:3      | Found a snail-covered altar of Cheibriados.
  2021 | D:3      | Found a radiant altar of Vehumet.
  2028 | D:3      | Found a hide-covered altar of Uskayaw.
  2035 | D:3      | Found a sparkling altar of Nemelex Xobeh.
  2045 | D:3      | Found an iron altar of Okawaru.
  2048 | D:3      | Found an ancient bone altar of Kikubaaqudgha.
  2053 | D:3      | Found a white marble altar of Elyvilon.
  2328 | D:4      | Reached skill level 4 in Axes
  2423 | D:4      | Reached XP level 6. HP: 29/48 MP: 6/6
  3265 | D:5      | Entered Level 5 of the Dungeon
  3283 | D:5      | Reached *** piety under Trog
  3420 | D:5      | Reached XP level 7. HP: 54/55 MP: 7/7
  3476 | D:5      | Noticed Grinder
  3479 | D:5      | Paralysed by Grinder for 2 turns
  3490 | D:5      | Killed Grinder
  3491 | D:5      | Reached skill level 5 in Fighting
  3491 | D:5      | Reached skill level 5 in Axes
  3661 | D:5      | Identified the +6 chain mail of Wasted Space {SInv}
  3689 | D:5      | Noticed a hornet
  3699 | D:5      | Killed a hornet
  3700 | D:5      | Reached XP level 8. HP: 63/63 MP: 8/8
  3838 | D:5      | Found a runed translucent door.
  3839 | D:5      | Noticed ezpacito's ghost (novice DsCK)
  4229 | D:6      | Found Vetuaf's Jewellery Emporium.
  4335 | D:6      | Reached skill level 6 in Axes
  4335 | D:6      | Reached skill level 5 in Armour
  4335 | D:6      | Reached skill level 5 in Dodging
  4341 | D:6      | Found Hawah's Distillery.
  4367 | D:6      | Bought a potion of curing for 36 gold pieces
  4398 | D:6      | Found a runed translucent door.
  4406 | D:6      | Found Tiqaxug's Weapon Shoppe.
  4406 | D:6      | Noticed Splishie's ghost (amateur DrMo)
  4417 | D:6      | Found Qemarix's Antique Armour Shop.
  4448 | D:6      | Bought a pair of embroidered boots for 180 gold pieces
  4618 | D:6      | Reached XP level 9. HP: 70/70 MP: 9/9
  4633 | D:6      | Found Ehig's Distillery.
  4641 | D:6      | Bought a potion of curing for 33 gold pieces
  4804 | D:6      | Killed Splishie's ghost
  4849 | D:7      | Noticed Duvessa
  4849 | D:7      | Noticed Dowan
  4859 | D:7      | Killed Duvessa
  4862 | D:7      | Killed Dowan
  4985 | D:7      | Found a staircase to the Ecumenical Temple.
  5224 | D:7      | Found a shimmering blue altar of Sif Muna.
  5224 | D:7      | Found a broken altar of Ashenzari.
  5225 | D:7      | Found a shimmering altar of Xom.
  5304 | D:7      | Reached skill level 7 in Axes
  5324 | D:7      | Found a sacrificial altar of Ru.
  5474 | D:7      | Reached **** piety under Trog
  5627 | D:8      | Noticed a komodo dragon
  5636 | D:7      | Reached XP level 10. HP: 66/79 MP: 10/10
  5903 | D:8      | Found a staircase to the Lair.
  5911 | D:8      | Reached skill level 8 in Axes
  6306 | D:9      | Noticed a kobold demonologist
  6306 | D:9      | Noticed a kobold demonologist
  6307 | D:9      | Noticed a kobold demonologist
  6312 | D:9      | Noticed an orange demon
  6313 | D:9      | Killed a kobold demonologist
  6314 | D:9      | Killed a kobold demonologist
  6320 | D:9      | Killed a kobold demonologist
  6538 | D:9      | Reached ***** piety under Trog
  6769 | D:9      | Reached XP level 11. HP: 82/87 MP: 11/11
  6877 | D:10     | Entered Level 10 of the Dungeon
  6905 | D:10     | Found a large runed translucent door.
  6905 | D:10     | Found a large runed translucent door.
  7014 | D:10     | Noticed a two-headed ogre
  7020 | D:10     | Killed a two-headed ogre
  7021 | D:10     | Reached skill level 9 in Axes
  7045 | D:10     | Noticed a manticore
  7049 | D:10     | Received a gift from Trog
  7057 | D:10     | Killed a manticore
  7089 | D:10     | Noticed a centaur warrior
  7097 | D:10     | Killed a centaur warrior
  7175 | Lair:1   | Entered Level 1 of the Lair of Beasts
  7230 | Lair:1   | Noticed a five-headed hydra
  7242 | Lair:1   | Killed a 19-headed hydra
  7410 | Lair:1   | Found a runed translucent gate.
  7410 | Lair:1   | Found a runed translucent gate.
  7410 | Lair:1   | Found a runed translucent gate.
  7412 | Lair:1   | Noticed a catoblepas
  7470 | Lair:1   | Noticed Xaneafu's ghost (journeyman DESu)
  7473 | Lair:1   | Noticed a boulder beetle
  7480 | Lair:1   | Noticed Maggie
  7489 | Lair:1   | Killed Maggie
  7534 | Lair:1   | Reached skill level 10 in Fighting
  7534 | Lair:1   | Reached skill level 10 in Axes
  7606 | Lair:1   | Reached XP level 12. HP: 97/97 MP: 12/12
  8283 | Lair:2   | Noticed a death yak
  8283 | Lair:2   | Noticed a death yak
  8283 | Lair:2   | Noticed a death yak
  8293 | Lair:1   | Killed a death yak
  8295 | Lair:1   | Killed a death yak
  8557 | D:10     | Noticed a boulder beetle
  8565 | D:10     | Killed a boulder beetle
  8671 | D:10     | Reached skill level 11 in Axes
  8689 | D:10     | Reached skill level 10 in Dodging
  8705 | D:10     | Reached skill level 10 in Armour
  8723 | D:10     | Noticed a two-headed ogre
  8730 | D:10     | Killed a two-headed ogre
  8731 | D:10     | Reached XP level 13. HP: 69/106 MP: 13/13
  8801 | D:10     | Found a runed translucent gate.
  8802 | D:10     | Found a runed translucent gate.
  8803 | D:10     | Found a runed translucent gate.
  8804 | D:10     | Noticed gebbletook2's ghost (novice OpSh)
  9037 | D:10     | Identified the +0 chain mail of the Evil One {rElec rPois
                  | Dex+3}
  9204 | D:10     | Identified the +1 plate armour of the Shining One's Hope
                  | {Str+4}
  9589 | D:11     | Noticed Nergalle
  9602 | D:11     | Killed Nergalle
  9689 | D:11     | Reached skill level 12 in Axes
 10260 | Lair:2   | Found a hole to the Spider Nest.
 10328 | Lair:2   | Received a gift from Trog
 10501 | Lair:2   | Found a staircase to the Shoals.
 10758 | Spider:1 | Entered Level 1 of the Spider Nest
 10811 | Lair:2   | Reached skill level 13 in Axes
 10957 | Lair:3   | Reached XP level 14. HP: 116/116 MP: 14/14
 11634 | Lair:3   | Reached skill level 14 in Axes
 12706 | D:12     | Found a staircase to the Orcish Mines.
 12888 | D:12     | Found Sochamud's Jewellery Boutique.
 13061 | D:12     | Reached skill level 15 in Axes
 13502 | Orc:1    | Entered Level 1 of the Orcish Mines
 13704 | Orc:1    | Found Widydica's Firing Range.
 13946 | Orc:2    | Entered Level 2 of the Orcish Mines
 13946 | Orc:2    | Found a staircase to the Elven Halls.
 14091 | Orc:2    | Found a radiant altar of Vehumet.
 14095 | Orc:2    | Found a dark tunnel.
 14106 | Volcano  | Entered a volcano
 14185 | Volcano  | Found a radiant altar of Vehumet.
 14196 | Volcano  | Reached skill level 16 in Axes
 14446 | Orc:2    | Paralysed by an orc sorcerer for 3 turns
 14478 | Orc:2    | Reached XP level 15. HP: 122/122 MP: 15/15
 14486 | Orc:2    | Received a gift from Trog
 14510 | Orc:2    | Noticed Saint Roka
 14619 | D:13     | Reached skill level 17 in Axes
 14894 | D:13     | Noticed Nessos
 14910 | D:13     | Killed Nessos
 15383 | D:13     | Found a gate to the Vaults.
 15662 | Orc:2    | Received a gift from Trog
 15663 | Orc:2    | Reached skill level 18 in Axes
 15711 | Orc:2    | Killed Saint Roka
 15737 | Orc:2    | Found a roughly hewn altar of Beogh.
 15840 | Orc:2    | Found Oshroa's General Store.
 15846 | Orc:2    | Bought a potion of heal wounds for 85 gold pieces
 16146 | Orc:2    | Found Zoulumy's Jewellery Emporium.
 16171 | Orc:2    | Found Neusuosu's Antique Armour Emporium.
 16185 | Orc:2    | Found Xeratwud's Antique Weapon Emporium.
 17137 | Lair:5   | Entered Level 5 of the Lair of Beasts
 17233 | Lair:5   | Reached skill level 15 in Armour
 17233 | Lair:5   | Reached XP level 16. HP: 84/132 MP: 16/16
 17605 | Lair:5   | Received a gift from Trog
 17954 | Lair:5   | Found a staircase to the Slime Pits.
 17965 | Slime:1  | Entered Level 1 of the Pits of Slime
 17965 | Slime:1  | Noticed an azure jelly
 17965 | Slime:1  | Noticed an azure jelly
 18115 | Lair:5   | Reached skill level 15 in Fighting
 18560 | Spider:1 | Noticed Asterion
 18564 | Spider:1 | Noticed an Executioner
 18573 | Spider:1 | Killed Asterion
 18800 | Shoals:1 | Entered Level 1 of the Shoals
 18931 | Shoals:1 | Noticed a kraken
 18933 | Shoals:1 | Noticed a kraken
 19090 | Shoals:1 | Found a bloodstained altar of Trog.
 19144 | Shoals:1 | Received a gift from Trog
 19200 | Shoals:1 | Gained mutation: You occasionally lose the ability to drink
                  | potions when taking damage. [potion of mutation]
 19200 | Shoals:1 | Gained mutation: You passively map a small area around you.
                  | [potion of mutation]
 19200 | Shoals:1 | Gained mutation: You are agile. (Dex +4, Str/Int -1)
                  | [potion of mutation]
 19200 | Shoals:1 | Gained mutation: You are covered in fur. (AC +1) [potion of
                  | mutation]
 19325 | Shoals:1 | Noticed a kraken
 19327 | Shoals:1 | Noticed a kraken
 19333 | Shoals:1 | Killed a kraken
 19341 | Shoals:1 | Killed a kraken
 19344 | Shoals:1 | Killed a kraken
 19565 | Elf:1    | Entered Level 1 of the Elven Halls
 19582 | Elf:1    | Reached XP level 17. HP: 133/144 MP: 17/17
 19654 | Elf:1    | You are sucked into a shaft and drop 1 floor!
 19984 | Elf:1    | Reached ****** piety under Trog
 20077 | Elf:1    | Received a gift from Trog
 20121 | Elf:1    | Shot with an arrow by a deep elf archer

Illustrated notes

Levels and vault maps discovered:
D:1:      amcnicky_arrival_single_pillar, layout_loops_ring
D:2:      layout_basic
D:3:      layout_rooms, overflow_temple_1_default, slow_altar_1,
          nicolae_overflow_hallway_of_the_gods
D:4:      layout_loops_corners, kennysheep_big_empty_room,
          hangedman_decor_riveting
D:5:      layout_loops_ring, gammafunk_ghost_grave, uniq_grinder
D:6:      layout_rooms, serial_shops, shop, shop, shop, shop,
          nicolae_shop_tiny_statue_garden, ebering_ghost_reflecting_pool,
          corexii_corridor_pit
D:7:      layout_basic, nicolae_ru_sacrificial_ziggurat,
          gammafunk_temple_overflow_claw, minmay_temple_entry_crystal_x,
          uniq_duvessa
D:8:      layout_rooms, grunt_lair_entry_orc_guard_hut, serial_bayou_crossing
D:9:      layout_roguey
D:10:     minmay_the_grid_4x2 [minmay_the_grid_armoury,
          minmay_the_grid_plusring, minmay_the_grid_holed_spiral,
          minmay_the_grid_spikes, minmay_the_grid_minigrid_small,
          minmay_the_grid_spin_star, minmay_the_grid_pillar_ring,
          minmay_the_grid_prize_trominoes], layout_irregular_city,
          serial_column_ruins, column_ruins_open_small,
          column_ruins_columns_corner, column_ruins_columns_straight,
          column_ruins_grid_3, column_ruins_grid_1, column_ruins_grid_1,
          gammafunk_ghost_nasty_kobolds, lightli_elemental_guards
D:11:     layout_cave_pools, minivault_22, uniq_nergalle
D:12:     layout_loops_corners, orc_0_dummy, dk_noncrumbling_4,
          minmay_shop_enchanted_jewellery, nicolae_eternal_life,
          nicolae_demonic_statue_gallery
D:13:     layout_irregular_city, ximxim_vaults_locker_room, uniq_nessos
Lair:1:   layout_cave_pods, gammafunk_ghost_split, columned_hall_lemuel,
          uniq_maggie
Lair:2:   layout_roguey, elwin_shoals_entry_rocks,
          nicolae_spider_entry_lesser_pyramids, grunt_megastairs_3
Lair:3:   hellmonk_destroyed_diamonds, layout_long_grid,
          minmay_lair_oklob_items, minivault_19, pdpol_lair_cavern_descent
Lair:4:   layout_gridlike, grunt_megastairs_5, serial_bayou_shore_a,
          infiniplex_staircase_pool, serial_bayou_shore_b
Lair:5:   hangedman_lair_caniforms_friends, layout_hall_layers, wormcave,
          dpeg_slime_entry_enclosed, grunt_megastairs_2
Shoals:1: nicolae_shoals_lighthouse, layout_shoals, lemuel_altar_in_water
Spider:1: layout_spider_delve, drop_trap, uniq_asterion, uniq_agnes
Slime:1:  layout_caves
Orc:1:    layout_caves, nicolae_shop_firing_range
Orc:2:    grunt_orc_cross, layout_caves, nicolae_volcano_entry_s_turn,
          basic_altar, elves_outpost_lemuel
Elf:1:    eino_elf_arrival_customs, layout_geoelf_octagon, serial_shops,
          nicolae_shop_trees, nicolae_elf_shapeshifter_party,
          serial_sigils_hangedman_clutch
Elf:2:    elven_hall_of_blades_hangedman_original [nooodl_blade_entry_preview],
          layout_onion_city, serial_shops, nicolae_shop_peninsula,
          minmay_shop_grove, lemuel_upstairs_altar

Skill      XL: |  1  2  3  4  5  6  7  8  9 10 11 12 13 14 15 16 17 |
---------------+----------------------------------------------------+-----
Armour         | 2 3 4 5 6 7 9 10 11 13 15 16 17 | 17.1
Dodging        | 2 3 4 5 6 7 9 10 11 | 11.2
Axes           | 4 5 6 7 8 10 11 13 16 18 | 18.0
Fighting       | 4 5 6 7 8 10 11 12 13 15 16 | 16.4

Action                     |  1- 3 |  4- 6 |  7- 9 | 10-12 | 13-15 | 16-18 || total
---------------------------+-------+-------+-------+-------+-------+-------++-------
  Melee: Hand axe          |    96 |   157 |   285 |   583 |  1198 |   823 ||  3142
         Rapier            |    51 |       |       |       |       |       ||    51
  Throw: Dart              |       |       |       |       |     7 |     1 ||     8
 Invoke: Berserk           |       |       |     3 |    10 |    23 |     8 ||    44
         Trog's Hand       |       |       |       |       |     2 |     1 ||     3
         Brothers in Arms  |       |       |       |       |     1 |       ||     1
  Evoke: Wand              |       |       |       |       |    17 |     6 ||    23
    Use: Scroll            |       |       |     2 |     6 |    21 |     7 ||    36
         Potion            |       |       |       |       |     6 |     1 ||     7
   Stab: Sleeping          |     1 |       |       |       |       |       ||     1
         Distracted        |       |       |     3 |     6 |    13 |    18 ||    40
 Armour: Animal skin       |    41 |    54 |     2 |       |       |       ||    97
         Chain mail        |       |       |    87 |   290 |   539 |   313 ||  1229
  Dodge: Dodged            |    68 |    55 |    62 |   173 |   347 |   241 ||   946

Table legend: (Time is in decaauts)
 A = Elapsed time spent in this place.
 B = Non-inter-level travel time spent in this place.
 C = Inter-level travel time spent in this place.
 D = Time resting spent in this place.
 E = Time spent auto-exploring this place.
 F = Levels seen in this place.
 G = Mean time per level.
                   A        B        C        D        E       F      G
               +--------+--------+--------+--------+--------+-----+--------+
         Total |  20092 |  18477 |   1615 |    424 |  12720 |  26 |  772.8 |
       Dungeon |  11506 |  10574 |    932 |    171 |   7972 |  13 |  885.1 |
          Lair |   5437 |   4846 |    591 |    167 |   3286 |   5 | 1087.4 |
        Shoals |    601 |    601 |      0 |     41 |    235 |   1 |  601.0 |
   Spider Nest |    174 |    173 |      1 |      0 |     55 |   1 |  174.0 |
    Slime Pits |      1 |      1 |      0 |      0 |      0 |   1 |    1.0 |
  Orcish Mines |   1595 |   1506 |     89 |     13 |    941 |   2 |  797.5 |
   Elven Halls |    514 |    514 |      0 |      5 |    130 |   2 |  257.0 |
       Volcano |    260 |    260 |      0 |     26 |    100 |   1 |  260.0 |
               +--------+--------+--------+--------+--------+-----+--------+

Top non-repeatable levels by time:
    D:12: 1387 daAuts
  Lair:1: 1379 daAuts
    D:10: 1281 daAuts
  Lair:5: 1243 daAuts
  Lair:3: 1153 daAuts
     D:4: 1095 daAuts
   Orc:2: 1070 daAuts
     D:9: 1004 daAuts
     D:5: 975 daAuts
    D:13: 933 daAuts
     D:7: 892 daAuts
  Lair:4: 842 daAuts
  Lair:2: 818 daAuts
     D:1: 799 daAuts
     D:2: 753 daAuts
